 Dungeon Crawl Stone Soup version 0.22.1-1-ga44c0e56f4 (webtiles) character file.

114 Americanboy the Digger (level 4, -1/24 HPs)
             Began as a Gargoyle Earth Elementalist on Oct 13, 2018.
             Slain by Sigmund
             ... wielding a +1 scythe of venom
              (9 damage)
             ... on level 3 of the Dungeon.
             The game lasted 00:05:46 (3127 turns).

Americanboy the Digger (GrEE)                       Turns: 3127, Time: 00:05:47

Health: -1/24      AC:  7    Str: 16 (17) XL:     4   Next: 98%
Magic:  6/8        EV: 12    Int: 15 (16) God:
Gold:   153        SH:  0    Dex: 11 (12) Spells: 5/9 levels left

rFire    . . .     SeeInvis .   j - +2 dagger (freeze)
rCold    . . .     Gourm    .   (no shield)
rNeg     + . .     Faith    .   c - +0 robe
rPois    ∞         Spirit   .   (no helmet)
rElec    +         Reflect  .   (no cloak)
rCorr    .         Harm     .   (no gloves)
MR       .....                  (no boots)
Stlth    ++........             (no amulet)
HPRegen  0.08/turn              (no ring)
MPRegen  0.11/turn              (no ring)

@: mighty
A: claws 1, molten scales 1, agile 1, blink, negative energy resistance 1,
electricity resistance, unbreathing, petrification resistance, rot immunity, AC
+3
a: Blink


You were on level 3 of the Dungeon.
You were hungry.

You visited 1 branch of the dungeon, and saw 3 of its levels.

You collected 153 gold pieces.

Inventory:

Hand Weapons
 j - a +2 dagger of freezing (weapon)
Missiles
 b - 45 stones (quivered)
Armour
 c - a +0 robe (worn)
Wands
 k - a wand of digging (18)
Scrolls
 e - a scroll of identify
 f - 2 scrolls of remove curse
Potions
 a - 2 potions of haste
 h - 2 potions of flight
 i - 2 potions of degeneration
Comestibles
 d - 7 rations


   Skills:
 + Level 1.8 Dodging
 + Level 3.0 Stealth
 + Level 3.1 Spellcasting
 + Level 0.1 Conjurations
   Level 0.7 Transmutations
 + Level 5.0 Earth Magic


You had 5 spell levels left.
You knew the following spells:

 Your Spells              Type           Power        Failure   Level  Hunger
a - Sandblast             Erth           ###...       2%          1    #......
e - Stone Arrow           Conj/Erth      ##....       21%         3    ###....

Your spell library contained the following spells:

 Spells                   Type           Power        Failure   Level  Hunger
 Passwall                 Tmut/Erth      ##......     9%          2    ##.....
 Petrify                  Tmut/Erth      ##......     52%         4    #####..
 Lee's Rapid Deconstruct  Erth           ###.......   56%         5    ######.


Dungeon Overview and Level Annotations

Branches:
Dungeon (3/15)

Altars:
Cheibriados
Dithmenos
Fedhas
Gozag
Hepliaklqana
Ru

Annotations:
D:3 Sigmund


Innate Abilities, Weirdness & Mutations

You are resistant to torment.
Your stone body is resilient. (AC +3)
You are immune to poison.
You resist negative energy. (rN+)
You are resistant to electric shocks. (rElec)
You can survive without breathing.
You are immune to petrification.
You are immune to rotting.
You have sharp fingernails.
You are partially covered in molten scales. (AC +2)
You are agile. (Dex +2)
You can translocate small distances at will.


Message History

Aiming: Sandblast (safe; 2% risk of failure)
Press: ? - help, Shift-Dir - straight line, f/p - Sigmund
Aim: Sigmund, wielding a scythe of venom and wearing a robe (moderately The blast of sand misses Sigmund.
b - 45 stones Sigmund hits you from afar with a scythe of venom.
It was a potion of degeneration.
There was something very wrong with that liquid.
You feel weakened.
You feel dopey.
You feel clumsy. Sigmund hits you but does no damage.
It was a potion of might.
You feel very mighty all of a sudden.
It was a potion of curing.
You feel better.
Sigmund hits you from afar with a scythe of venom!
It was a potion of mutation.
You feel extremely strange.
Your fingernails lengthen.
Molten scales grow over part of your body.
You feel agile.
You feel jittery.
Sigmund hits you from afar with a scythe of venom!
You die...

#........## #.........## ####
#.........†# #..# #........#.##
#.## #(.......#..# #.#
####.########.# #.# #...@# #.##
#<# #....#### #..### ##.#
##...@...######...####
##..######..####.............##
#..###...#.## ###..#######....
#.###..#...## ##..####......
#...#.###...## ##)##...#####
###.#.# ##...#### #)..).### #
#.#.# ##.#....#####)##..[## #
#.#.# #..####.......####..###
#...# #.## ##...##....##..##


You could see Sigmund.

Vanquished Creatures
  2 adders
  4 gnolls (D:3)
  A dart slug (D:1)
  3 leopard geckos
  3 giant cockroaches
  6 goblins
  8 hobgoblins
  4 jackals (D:3)
  8 kobolds
  A quokka (D:2)
  2 bats
  3 frilled lizards
  9 rats
54 creatures vanquished.

Notes
Turn   | Place    | Note
-------+----------+-------------------------------------------
     0 | D:1      | Americanboy the Gargoyle Earth Elementalist began the quest
                  | for the Orb.
     0 | D:1      | Reached XP level 1. HP: 10/10 MP: 3/3
   301 | D:1      | Reached skill level 4 in Earth Magic
   301 | D:1      | Reached XP level 2. HP: 15/15 MP: 1/5
   790 | D:1      | Reached XP level 3. HP: 19/19 MP: 2/6
   853 | D:1      | Learned a level 3 spell: Stone Arrow
  1502 | D:2      | Found a sacrificial altar of Ru.
  1505 | D:2      | Found a hazy altar of Hepliaklqana.
  1549 | D:2      | Found a snail-covered altar of Cheibriados.
  1552 | D:2      | Found a blossoming altar of Fedhas.
  1701 | D:2      | Found a shadowy altar of Dithmenos.
  2219 | D:3      | Reached XP level 4. HP: 20/24 MP: 1/8
  2471 | D:3      | Reached skill level 5 in Earth Magic
  2514 | D:3      | Found an opulent altar of Gozag.
  2818 | D:3      | Noticed Sigmund
  3127 | D:3      | Gained mutation: You have sharp fingernails. [potion of
                  | mutation]
  3127 | D:3      | Gained mutation: You are partially covered in molten
                  | scales. (AC +2) [potion of mutation]
  3127 | D:3      | Gained mutation: You are agile. (Dex +2) [potion of
                  | mutation]
  3127 | D:3      | Gained mutation: You can translocate small distances at
                  | will. [potion of mutation]
  3127 | D:3      | Slain by Sigmund

Skill      XL: |  1  2  3  4 |
---------------+-------------+-----
Earth Magic    | 4 5 |  5.0
Spellcasting   | 3 |  3.1
Stealth        | 3 |  3.0
Dodging        | |  1.8
Conjurations   | |  0.1
Transmutations | |  0.7

Action                   |  1- 3 |  4- 6 || total
-------------------------+-------+-------++-------
Melee: Dagger            |    44 |    35 ||    79
       Short sword       |     9 |       ||     9
 Cast: Sandblast         |    33 |    18 ||    51
       Stone Arrow       |     7 |     1 ||     8
  Use: Scroll            |     5 |     1 ||     6
       Potion            |       |     4 ||     4
 Stab: Sleeping          |       |     2 ||     2
  Eat: Chunk             |     4 |       ||     4
       Ration            |       |     1 ||     1
Armor: Robe              |    29 |    16 ||    45
Dodge: Dodged            |    54 |    36 ||    90
